 Dungeon Crawl Stone Soup version 0.29.0-15-g675c0067aa (webtiles) character file.

Game seed: 2891966830066935961

30 qw the Sneak (level 3, -5/23 HPs)
             Began as a Gargoyle Delver on Sept 11, 2022.
             Slain by a gnoll
             ... wielding a +0 flail
              (9 damage)
             ... on level 1 of the Dungeon.
             The game lasted 00:00:24 (1087 turns).

qw the Sneak (Gargoyle Delver)                      Turns: 1087, Time: 00:00:25

Health: -5/23      AC:  6    Str: 17    XL:     3   Next: 18%
Magic:  3/3        EV: 11    Int: 10    God:
Gold:   86         SH:  0    Dex: 11    Spells: 2/2 levels left

rFire   . . .      SeeInvis .   Y - +0 hand axe
rCold   . . .      Faith    .   (no shield)
rNeg    + . .      Spirit   .   b - +0 leather armour
rPois   inf        Reflect  .   (no helmet)
rElec   +          Harm     .   (no cloak)
rCorr   .          Rampage  .   (no gloves)
Will    .....                   (no boots)
Stlth   +++.......              (no amulet)
HPRegen 0.07/turn               (no ring)
MPRegen 0.08/turn               (no ring)

@: no status effects
A: sickness immunity, AC +3, negative energy resistance 1, electricity
resistance, torment resistance 1, petrification resistance
a: no special abilities


You were on level 1 of the Dungeon.
You visited 1 branch of the dungeon, and saw 5 of its levels.

You collected 86 gold pieces.


Innate Abilities, Weirdness & Mutations

You are immune to sickness and miasma.
Your stone body is resilient. (AC +3)
You are immune to poison.
You resist negative energy. (rN+)
You are resistant to electric shocks. (rElec)
You are resistant to unholy torment.
You are immune to petrification.


   Skills:
 - Level 3.2 Fighting
 + Level 3.1 Axes
 - Level 0.4 Throwing
 - Level 1.5 Dodging
 - Level 5.4 Stealth


You had 2 spell levels left.
You didn't know any spells.
Your spell library was empty.

Inventory:

Hand Weapons
 Y - a +0 hand axe (weapon)
Armour
 b - a +0 leather armour (worn)
 d - a +0 scale mail
Wands
 g - a wand of digging (3)
Scrolls
 h - a scroll of amnesia {unknown}
Potions
 a - a potion of magic {unknown}
 c - a potion of lignification {unknown}
 e - a potion of curing {unknown}
 f - a potion of haste
 j - a potion of might {unknown}

Dungeon Overview and Level Annotations

Branches:
Dungeon (5/15)
 Temple: D:4-7

Altars:

Shops:
D:4 *


Message History

Found a stone staircase leading down.
Enter note: You now have 83 gold pieces (gained 13).
A bat comes into view.
Enter note: Throw: 3 javelins
Press: ? - help, Q - select action Shift-Dir - straight line, f - bat You throw a javelin.
The javelin pierces through the bat!
You kill the bat!
You now have 86 gold pieces (gained 3).
i - 3 javelins (gained 1)
You see here a bat corpse.
A gnoll comes into view. It is wielding a +0 flail.
Throw: 3 javelins
Press: ? - help, Q - select action Shift-Dir - straight line, f - gnoll You throw a javelin.
The javelin pierces through the gnoll.
The gnoll shouts!
The gnoll is lightly wounded.
Throw: 2 javelins
Press: ? - help, Q - select action Shift-Dir - straight line, f/p - gnoll You throw a javelin.
The javelin pierces through the gnoll but does no damage.
The gnoll is lightly wounded.
Throw: javelin
Press: ? - help, Q - select action Shift-Dir - straight line, f/p - gnoll You throw a javelin.
The javelin pierces through the gnoll.
The gnoll is heavily wounded.
You hit the gnoll.
The gnoll is severely wounded.
The gnoll hits you with a +0 flail.
You barely miss the gnoll.
The gnoll is severely wounded.
The gnoll hits you with a +0 flail! The gnoll barely misses you.
You closely miss the gnoll.
The gnoll is severely wounded.
The gnoll hits you with a +0 flail.
You hit the gnoll but do no damage.
The gnoll is severely wounded.
The gnoll hits you with a +0 flail!
You die...

#. ##............##.....#.
#.##.......>..##........#.
#...........#######.....#.
...##.......# ########. .#
#.).....######........
#.>)...........#####..
#........####### #..
#........# #.. #...g@..##
#.. #(.###### #.. (...##
#.. #### #.. ###


You could see a gnoll.

Vanquished Creatures
  An adder (D:3)
  3 ball pythons
  2 endoplasms
  A giant cockroach (D:2)
  A goblin (D:1)
  4 jackals (D:1)
  3 bats
  2 frilled lizards
  3 rats
20 creatures vanquished.

Vanquished Creatures (others)
  2 plants (D:1)
2 creatures vanquished.

Grand Total: 22 creatures vanquished

Notes
Turn   | Place    | Note
-------+----------+-------------------------------------------
     0 | D:5      | qw the Gargoyle Delver began the quest for the Orb.
     0 | D:5      | Reached XP level 1. HP: 14/14 MP: 1/1
     0 | D:5      | 0 ||| qw: Version: 0.1-a-118-gb4e7ce6
     0 | D:5      | 0 ||| qw: Game counter: 10274
     0 | D:5      | 0 ||| qw: Always use a shield: true
     0 | D:5      | 0 ||| qw: God list: Okawaru
     0 | D:5      | 0 ||| qw: Allow faded altars: false
     0 | D:5      | 0 ||| qw: Do Orc after D:15 true
     0 | D:5      | 0 ||| qw: Do second Lair branch before Depths: true
     0 | D:5      | 0 ||| qw: Lair rune preference: random
     0 | D:5      | 0 ||| qw: Plans: Normal
     0 | D:5      | 0 ||| PLANNING D:1-11
     0 | D:5      | 0 ||| DROPPING scroll of fog.
     1 | D:5      | 1 ||| DROPPING scroll of magic mapping.
     2 | D:5      | 2 ||| DROPPING scroll of fear.
    22 | D:4      | Noticed a phantom
    23 | D:4      | 23 ||| Stepping ~*~*~tactically~*~*~ (stealth).
    25 | D:4      | 25 ||| FLEEEEING.
    26 | D:4      | 26 ||| FLEEEEING.
    27 | D:4      | 27 ||| FLEEEEING.
    28 | D:4      | 28 ||| FLEEEEING.
    29 | D:4      | 29 ||| FLEEEEING.
    29 | D:4      | Found Oniddor's General Store.
    30 | D:4      | 30 ||| FLEEEEING.
    31 | D:4      | 31 ||| FLEEEEING.
    32 | D:4      | 32 ||| STAIRDANCE
    43 | D:3      | Reached XP level 2. HP: 15/19 MP: 2/2
   190 | D:3      | 190 ||| READING scroll labelled ULESATUCOY.
   191 | D:3      | 191 ||| READING scroll labelled DEUNYE BETERU.
   220 | D:2      | 220 ||| Stepping ~*~*~tactically~*~*~ (stealth).
   221 | D:2      | 221 ||| Stepping ~*~*~tactically~*~*~ (stealth).
   222 | D:2      | 222 ||| Stepping ~*~*~tactically~*~*~ (stealth).
   223 | D:2      | 223 ||| Stepping ~*~*~tactically~*~*~ (stealth).
   224 | D:2      | 224 ||| Stepping ~*~*~tactically~*~*~ (stealth).
   225 | D:2      | 225 ||| Stepping ~*~*~tactically~*~*~ (stealth).
   226 | D:2      | 226 ||| Stepping ~*~*~tactically~*~*~ (stealth).
   229 | D:2      | 229 ||| Stepping ~*~*~tactically~*~*~ (stealth).
   230 | D:2      | 230 ||| Stepping ~*~*~tactically~*~*~ (stealth).
   237 | D:2      | 237 ||| Stepping ~*~*~tactically~*~*~ (stealth).
   240 | D:2      | 240 ||| Stepping ~*~*~tactically~*~*~ (stealth).
   269 | D:2      | 269 ||| Stepping ~*~*~tactically~*~*~ (stealth).
   397 | D:2      | 397 ||| READING scroll labelled KABUAF KURPH.
   398 | D:2      | 398 ||| READING scroll labelled XIRPHU HUDE.
   421 | D:1      | Reached skill level 3 in Axes
   426 | D:1      | HP: 4/19 [goblin/+0 dagger (3)]
   432 | D:1      | Reached XP level 3. HP: 5/23 MP: 3/3
  1086 | D:1      | HP: 4/23 [gnoll/+0 flail (6)]
  1087 | D:1      | Slain by a gnoll

Levels and vault maps discovered:
D:1:      dpeg_arrival_long_road, layout_rooms, roderic_st_hans_cross,
          kennysheep_boxes
D:2:      layout_basic
D:3:      layout_basic, lemuel_round_altar, minmay_misc_feat_rows,
          minmay_misc_feat_diagonals, chequers_serial_rivers_large_a
D:4:      layout_rooms, makhleb_altar_promises_db, temple_fountains,
          serial_shops, nicolae_shop_hallway_stairs
D:5:      layout_rooms, nicolae_tso_besieged_by_evil,
          mainiacjoe_overflow_six_doors_small, chequers_serial_rivers_small_3,
          chequers_garden

Skill      XL: |  1  2 |
---------------+-------+-----
Axes           | 2 3 |  3.1
Fighting       | |  3.2
Throwing       | |  0.4
Dodging        | |  1.5
Stealth        | |  5.4

Action                   || total
-------------------------++-------
Melee: Hand axe          ||    64
       Punch             ||     1
Throw: Javelin           ||     6
  Use: Scroll            ||     4
Armor: Leather armour    ||    40
Dodge: Dodged            ||    40

Table legend:
 A = Non-vault XP
 B = Vault XP
 C = Vault XP percentage of total XP
 D = Non-vault monster count
 E = Vault monster count
 F = Vault count percentage of total count
                 A         B        C        D         E       F
            +---------+---------+-------+---------+---------+-------
      Total |      43 |       0 |   0.0 |      20 |       0 |   0.0
            +---------+---------+-------+---------+---------+-------
        D:1 |      19 |       0 |   0.0 |      12 |       0 |   0.0
        D:2 |      10 |       0 |   0.0 |       7 |       0 |   0.0
        D:3 |      14 |       0 |   0.0 |       1 |       0 |   0.0
            +---------+---------+-------+---------+---------+-------
